AoeStats
← charlatão

Lombardia

509179057Analyzed
2v2 RM · 8d ago on Sep 25, 2026· 19m 6s· 4 players
Game mode
Random Map
Map size
Medium (4 player)
Population
200
Speed
Normal
Resources
Standard
Victory
Conquest
Starting age
Dark Age
Ending age
Imperial Age
RankedLock teamsTeams togetherTeam positionsShared explorationLock speedFull tech treeHidden civsTurbo modeCheats
Victory
Defeat
🇧🇷 Khitans · Brazil
1098
+14
1088
+15
🇫🇷 Italians · France
1153
-18
🇫🇷 Magyars · France
975
-32
charlatão
10:18 Feudal Age
9:52 Loom
11:05 Double-Bit Axe
14:34 Forging
18:01 Scale Barding Armor
Cata スターフルーツ
7:49 Loom
10:14 Feudal Age
12:22 Forging
12:53 Man-at-Arms
18:13 Double-Bit Axe
Smiley
6:20 Loom
11:43 Feudal Age
16:47 Double-Bit Axe
17:11 Fletching
aymericarlier
6:49 Loom
10:58 Feudal Age
12:13 Horse Collar
Connection lost

Rejoining the realm…

Still unreachable

The connection could not be restored.

Session expired

The server has moved on; the page needs a fresh start.